 Dungeon Crawl Stone Soup version 0.29-a0-389-gd8082fcd2d (webtiles) character file.

Game seed: 12552719549657536328

32883 Bruhh the Fighter (level 13, 102/102 (103) HPs)
             Began as a Demonspawn Ice Elementalist on May 7, 2022.
             Was an Initiate of Hepliaklqana.
             Quit the game on level 5 of the Lair of Beasts on May 8, 2022.
             The game lasted 00:48:00 (23229 turns).

Bruhh the Fighter (Demonspawn Ice Elementalist)    Turns: 23229, Time: 00:48:00

HP:   102/102 (103) AC:  5    Str:  9    XL:     13   Next: 33%
MP:   27/27         EV: 16    Int: 25    God:    Hepliaklqana [......]
Gold: 843           SH:  0    Dex: 13    Spells: 14/32 levels left

rFire   + . .      SeeInvis .   u - +1 quarterstaff (drain)
rCold   x . .      Faith    .   (shield currently unavailable)
rNeg    . . .      Spirit   .   W - +0 robe of Parts Unknown {Will+ Int+3 Slay+4 Stlth-}
rPois   .          Reflect  .   P - +1 helmet
rElec   .          Harm     .   (no cloak)
rCorr   +          Rampage  .   (no gloves)
Will    +....                   (no boots)
Stlth   +.........              h - amulet of regeneration
HPRegen 1.07/turn               d - ring of fire
MPRegen 0.20/turn               G - ring of resist corrosion

@: lightly drained
A: claws 2, foul stench 2, sturdy frame 1, demonic magic 2
a: Renounce Religion


You were on level 5 of the Lair of Beasts.
You worshipped Hepliaklqana.
Hepliaklqana was noncommittal.
You visited 4 branches of the dungeon, and saw 17 of its levels.

You collected 843 gold pieces.

Inventory:

Hand Weapons
 e - a +0 short sword
 i - a +0 mace of draining
 u - a +1 quarterstaff of draining (weapon)
 H - a +0 flail
Missiles
 x - 27 poisoned darts
 A - a curare-tipped dart
 M - 3 throwing nets
Armour
 a - a +0 robe
 D - a +0 buckler
 N - a +1 leather armour of fire resistance
 O - the +2 ring mail "Megiu" {rC+ Int+2 Dex-5 SInv}
   (You found it on level 2 of the Lair of Beasts)

   Int:       It affects your intelligence (+2).
   Dex:       It affects your dexterity (-5).
   rC:        It protects you from cold.
   SInv:      It lets you see invisible.
 P - a +1 helmet (worn)
 W - the +0 robe of Parts Unknown (worn) {Will+ Int+3 Slay+4 Stlth-}
   (You found it on level 4 of the Lair of Beasts)

   Int:       It affects your intelligence (+3).
   Slay:      It affects your accuracy & damage with ranged weapons and melee
   (+4).
   Will:      It increases your willpower.
   Stlth:     It makes you less stealthy.
Jewellery
 d - a ring of fire (left claw)
 h - an amulet of regeneration (around neck)
 s - an amulet of guardian spirit
 y - a ring of fire
 G - a ring of resist corrosion (right claw)
 Q - a ring of protection from fire
 S - a ring of protection from fire
Wands
 c - a wand of acid (9)
 k - a wand of mindburst (3)
 p - a wand of digging (7)
 q - a wand of flame (38)
 w - a wand of iceblast (6)
 I - a wand of paralysis (6)
 J - a wand of charming (10)
Scrolls
 f - 3 scrolls of immolation
 g - a scroll of brand weapon
 m - 9 scrolls of identify
 r - a scroll of poison
 t - a scroll of noise
 v - a scroll of enchant armour
 z - a scroll of amnesia
 E - 2 scrolls of fog
 F - a scroll of summoning
 L - a scroll of silence
 R - a scroll of fear
 U - a scroll of enchant weapon
 X - a scroll of teleportation
Potions
 b - 3 potions of magic
 j - 2 potions of lignification
 l - 8 potions of curing
 n - 5 potions of degeneration
 o - 4 potions of haste
 B - 3 potions of brilliance
 C - 3 potions of attraction
 K - 2 potions of might
 T - a potion of invisibility {unknown}
 V - a potion of cancellation {unknown}
 Y - a potion of heal wounds
 Z - a potion of mutation {unknown}


   Skills:
 - Level 10.0 Fighting
 + Level 8.3 Armour
 - Level 10.0 Dodging
 - Level 1.7 Stealth
 - Level 10.0 Spellcasting
 - Level 5.0 Conjurations
 - Level 5.0 Ice Magic
 - Level 0.1 Air Magic
 - Level 10.0 Evocations


You had 14 spell levels left.
You knew the following spells:

 Your Spells              Type           Power      Damage    Failure   Level
a - Freeze                Ice            100%       1d11      1%          1
b - Frozen Ramparts       Ice            74%        1d9       1%          3
c - Ozocubu's Armour      Ice            37%        N/A       1%          3
d - Hailstorm             Conj/Ice       37%        3d9       6%          4
e - Storm Form            Tmut/Air       6%         N/A       100%        7

Your spell library contained the following spells:

 Spells                   Type           Power      Damage    Failure   Level
 Slow                     Hex            48%        N/A       4%          1
 Summon Small Mammal      Summ           48%        N/A       4%          1
 Call Canine Familiar     Summ           12%        N/A       14%         3
 Confusing Touch          Hex            12%        N/A       14%         3
 Portal Projectile        Hex/Tloc       24%        N/A       14%         3
 Summon Guardian Golem    Hex/Summ       12%        N/A       14%         3
 Tukima's Dance           Hex            12%        N/A       14%         3
 Vampiric Draining        Necr           12%        2d6       14%         3
 Anguish                  Hex/Necr       6%         N/A       43%         4
 Animate Dead             Necr           6%         N/A       43%         4
 Leda's Liquefaction      Hex/Erth       6%         N/A       43%         4
 Passage of Golubria      Tloc           12%        N/A       43%         4
 Summon Lightning Spire   Summ/Air       12%        N/A       43%         4
 Agony                    Necr           12%        N/A       80%         5
 Yara's Violent Unravell  Hex/Tmut       6%         3d5       80%         5
 Eringya's Noxious Bog    Tmut/Pois      6%         N/A       100%        6
 Maxwell's Capacitive Co  Air            6%         ∞         100%        8


Dungeon Overview and Level Annotations

Branches:
Dungeon (10/15)            Temple (1/1) D:4            Lair (5/6) D:8
  Swamp (0/4) Lair:2        Snake (0/4) Lair:3        Slime (1/5) Lair:5
    Orc: D:9-12

Altars:
Ashenzari
Cheibriados
Dithmenos
Elyvilon
Fedhas
Gozag
Hepliaklqana
Kikubaaqudgha
Makhleb
Nemelex Xobeh
Okawaru
Qazlal
Ru
Sif Muna
Trog
Uskayaw
Vehumet
Wu Jian
Xom
Yredelemnul
Zin
The Shining One

Shops:
D:3 =   D:6 !   D:8 =

Annotations:
Lair:1 1 runed translucent door, leebro123's ghost, journeyman TrFi
Lair:3 exclusion: oklob plant


Innate Abilities, Weirdness & Mutations

You have very sharp fingernails.
You sometimes emit foul miasma when damaged in melee.
Your movements are slightly less encumbered by armour. (ER -2)
Spells you cast may paralyse nearby enemies.


Message History

You drain the oklob plant.
The oklob plant is lightly damaged.
You hit the oklob plant but do no damage.
The oklob plant is lightly damaged.
The oklob plant spits acid at you. The splash of acid hits you! You resist.
You freeze the oklob plant.
The oklob plant is lightly damaged.
Malevolent energies surge around you. The oklob plant spits acid at you.
The splash of acid hits you! You resist. The acid corrodes you!
You freeze the oklob plant.
The oklob plant is moderately damaged.
Malevolent energies surge around you. The oklob plant spits acid at you.
The splash of acid misses you.
You freeze the oklob plant!
The oklob plant is moderately damaged.
Malevolent energies surge around you.
You freeze the oklob plant!
The oklob plant is heavily damaged.
Malevolent energies surge around you.
You freeze the oklob plant!
The oklob plant is severely damaged.
Malevolent energies surge around you.
The oklob plant suddenly stops moving!
You freeze the oklob plant!
The oklob plant is almost destroyed.
Malevolent energies surge around you.
You freeze the oklob plant.
You destroy the oklob plant!
Malevolent energies surge around you.
You can't see any susceptible monsters within range! (Use Z to cast anyway.)
You can't see any susceptible monsters within range! (Use Z to cast anyway.)
You are no longer corroded.
l - 8 potions of curing (gained 1)
You now have 843 gold pieces (gained 20).
You pick up Olupruh's Catalogue of Vitriolic Dark Rituals and begin reading...
You add the spells Anguish, Animate Dead, Agony and Eringya's Noxious Bog to your library.
Okay, then.
Are you sure you want to abandon this character and quit the game? (Confirm with "yes".)

......### ....)...#
........## .........#
.........###
......)....#
...........##
...........)######
............##..@#
............##...#
............##))[#
............##.###
............##.## ..
.#..........###.# ...
#.#.##.#....##.###...
....#######.#...#....
#....#
#.###..........


There were no monsters in sight!

Vanquished Creatures
  4 hydras
  2 two-headed ogres
  A skeletal warrior (D:7)
  2 bog bodies (Lair:2)
  An ugly thing (D:8)
  An oklob plant (Lair:5)
  A cyclops (D:8)
  A manticore (D:8)
  4 elephants
  5 black mambas
  A torpor snail (Lair:4)
  3 rime drakes
  9 cane toads
  12 komodo dragons
  A hornet (D:9)
  3 trolls
  12 blink frogs
  3 wyverns
  29 yaks
  A wraith (D:6)
  4 basilisks
  2 steam dragons
  A vampire mosquito (D:7)
  Menkaure (D:4)
  A naga (Lair:3)
  An acid dragon (D:8)
  17 water moccasins
  5 orc warriors
  4 sky beasts
  3 ogres
  7 centaurs
  6 wolves (Lair:3)
  2 phantoms
  2 kobold brigands
  15 bullfrogs
  3 gnoll sergeants
  5 scorpions
  6 wights
  3 necrophages
  2 howler monkeys
  An electric eel (Lair:5)
  2 gnoll shamans (D:7)
  7 hounds
  2 orc priests (D:8)
  6 jellies
  Natasha (thrice) (D:2)
  7 iguanas
  7 orc wizards
  4 hell rats (Lair:5)
  10 gnolls
  5 adders
  3 shadow imps
  4 white imps
  An ufetubus (D:4)
  A worm (D:3)
  2 dart slugs
  39 orcs
  10 endoplasms
  6 giant cockroaches
  A goblin (D:4)
  4 hobgoblins
  3 jackals (D:4)
  17 kobolds
  4 quokkas
  5 ball pythons
  3 bats (D:2)
  7 rats
350 creatures vanquished.

Vanquished Creatures (others)
  A blink frog (Lair:5)
  An orc (D:8)
  3 bushes (D:8)
  43 fungi
  47 plants
95 creatures vanquished.

Grand Total: 445 creatures vanquished

Notes
Turn   | Place    | Note
-------+----------+-------------------------------------------
     0 | D:1      | Bruhh the Demonspawn Ice Elementalist began the quest for
                  | the Orb.
     0 | D:1      | Reached XP level 1. HP: 13/13 MP: 3/3
   603 | D:1      | Gained mutation: You may rarely emit foul miasma when
                  | damaged in melee. [demonic ancestry]
   603 | D:1      | Reached XP level 2. HP: 6/19 MP: 3/5
  1544 | D:2      | Reached XP level 3. HP: 23/24 MP: 5/7
  1582 | D:2      | Noticed a scorpion
  1588 | D:2      | Killed a scorpion
  1589 | D:2      | Gained mutation: You have sharp fingernails. [demonic
                  | ancestry]
  1589 | D:2      | Reached XP level 4. HP: 26/30 MP: 2/8
  1958 | D:2      | Learned a level 3 spell: Frozen Ramparts
  1962 | D:2      | Learned a level 3 spell: Ozocubu's Armour
  2100 | D:2      | Noticed Natasha
  2109 | D:2      | Killed Natasha
  2308 | D:2      | Noticed Natasha
  2314 | D:2      | Killed Natasha
  2315 | D:2      | Gained mutation: You sometimes emit foul miasma when
                  | damaged in melee. [demonic ancestry]
  2315 | D:2      | Reached XP level 5. HP: 27/35 MP: 6/10
  2416 | D:2      | Noticed Natasha
  2419 | D:2      | Killed Natasha
  2604 | D:2      | Found a faded altar of an unknown god.
  2774 | D:3      | Reached skill level 5 in Ice Magic
  2921 | D:3      | Reached XP level 6. HP: 25/41 MP: 9/13
  3072 | D:3      | Found Ibriocw's One-of-a-Kind Rings.
  3180 | D:3      | Found a bloodstained altar of Trog.
  3184 | D:3      | Found an ancient bone altar of Kikubaaqudgha.
  3184 | D:3      | Found a blossoming altar of Fedhas.
  3184 | D:3      | Found a sacrificial altar of Ru.
  3184 | D:3      | Found a hide-covered altar of Uskayaw.
  3184 | D:3      | Found a burning altar of Makhleb.
  3186 | D:3      | Found a broken altar of Ashenzari.
  3188 | D:3      | Found a snail-covered altar of Cheibriados.
  3189 | D:3      | Found a shimmering altar of Xom.
  3592 | D:4      | Noticed Menkaure
  3670 | D:4      | Reached skill level 5 in Spellcasting
  4131 | D:4      | Found a staircase to the Ecumenical Temple.
  4302 | D:4      | Killed Menkaure
  4303 | D:4      | Gained mutation: Your movements are slightly less
                  | encumbered by armour. (ER -2) [demonic ancestry]
  4303 | D:4      | Reached XP level 7. HP: 32/46 MP: 9/16
  5754 | D:5      | Entered Level 5 of the Dungeon
  5765 | D:5      | Reached skill level 1 in Fighting
  6501 | D:5      | Reached XP level 8. HP: 60/60 MP: 12/18
  6834 | D:6      | Found Bafut's Distillery.
  6851 | D:6      | Reached skill level 5 in Fighting
  9281 | D:7      | Reached skill level 1 in Evocations
  9357 | D:7      | Gained mutation: Spells you cast may paralyse adjacent
                  | enemies. [demonic ancestry]
  9357 | D:7      | Reached XP level 9. HP: 61/74 MP: 13/19
  9437 | D:7      | Noticed a skeletal warrior
  9437 | D:7      | Noticed a troll
 10336 | D:8      | Learned a level 4 spell: Hailstorm
 10523 | D:7      | Noticed a purple ugly thing
 10727 | D:8      | Reached skill level 5 in Evocations
 10742 | D:8      | Reached skill level 10 in Fighting
 10742 | D:8      | Reached XP level 10. HP: 43/85 MP: 1/20
 10959 | D:8      | Found a staircase to the Lair.
 10967 | D:8      | Found Peklu's Jewellery Emporium.
 11376 | D:8      | Reached skill level 1 in Conjurations
 11605 | D:8      | Learned a level 7 spell: Storm Form
 12781 | D:9      | Noticed a two-headed ogre
 12800 | D:9      | Killed a two-headed ogre
 13123 | D:10     | Entered Level 10 of the Dungeon
 13246 | Lair:1   | Entered Level 1 of the Lair of Beasts
 13269 | Lair:1   | Noticed a cane toad
 13275 | Lair:1   | Killed a cane toad
 13360 | Lair:1   | Reached skill level 5 in Conjurations
 13363 | Lair:1   | Gained mutation: You have very sharp fingernails. [demonic
                  | ancestry]
 13363 | Lair:1   | Reached XP level 11. HP: 71/90 MP: 10/22
 13906 | Lair:1   | Reached skill level 10 in Evocations
 14518 | Lair:1   | Found a runed translucent door.
 14522 | Lair:1   | Noticed leebro123's ghost (journeyman TrFi)
 14767 | Lair:1   | Noticed a death yak
 15132 | Lair:2   | Reached skill level 5 in Dodging
 15135 | Lair:2   | Reached skill level 10 in Spellcasting
 15145 | Lair:2   | Noticed a bog body
 15385 | D:8      | Killed a purple ugly thing
 15386 | D:8      | Reached XP level 12. HP: 87/97 MP: 12/26
 15971 | D:7      | Noticed a seven-headed hydra
 16283 | D:7      | Killed a seven-headed hydra
 16319 | D:7      | Noticed a two-headed ogre
 16331 | D:7      | Killed a two-headed ogre
 17842 | Lair:2   | Identified the +2 ring mail "Megiu" {rC+ Int+2 Dex-5 SInv}
 17968 | Lair:2   | Found a staircase to the Swamp.
 18797 | Lair:3   | Reached skill level 10 in Dodging
 19003 | Lair:3   | Reached skill level 1 in Armour
 19042 | Lair:3   | Found a staircase to the Snake Pit.
 20226 | Lair:4   | Reached skill level 5 in Armour
 20477 | Lair:4   | Gained mutation: Spells you cast may paralyse nearby
                  | enemies. [demonic ancestry]
 20477 | Lair:4   | Reached XP level 13. HP: 81/103 MP: 18/27
 21035 | Lair:4   | Found a runed translucent door.
 21310 | Lair:4   | Identified the +0 robe of Parts Unknown {Will+ Int+3 Slay+4
                  | Stlth-}
 21398 | Lair:5   | Found a staircase to the Slime Pits.
 22078 | Slime:1  | Entered Level 1 of the Pits of Slime
 22078 | Slime:1  | Noticed a rockslime
 22078 | Slime:1  | Noticed a quicksilver ooze
 22078 | Slime:1  | Noticed a quicksilver ooze
 22078 | Slime:1  | Noticed a rockslime
 22360 | Temple   | Entered the Ecumenical Temple
 22557 | Temple   | Became a worshipper of Hepliaklqana the Forgotten
 23228 | Lair:5   | Got Olupruh's Catalogue of Vitriolic Dark Rituals
 23229 | Lair:5   | Quit the game

Illustrated notes

Levels and vault maps discovered:
D:1:      dpeg_arrival_tiny_a, layout_basic
D:2:      minmay_diamond_boxcup, layout_basic, ebering_ecumenical_altar_mist,
          uniq_natasha
D:3:      layout_rooms, minitemple, serial_glass, glass_columns_b,
          glass_columns_a, due_unseen_surprise, minmay_strange_pillars,
          nicolae_shop_unique_rings
D:4:      layout_loops_corners, minmay_temple_entry_fiery, uniq_menkaure
D:5:      layout_rooms, serial_curves, eino_curves_02, eino_curves_01
D:6:      layout_rooms, serial_shops, kennysheep_little_box,
          chequers_serial_rivers_small_a, minmay_small_thing
D:7:      nzn_winding_woodlands_stair_cross
          [nzn_winding_woodlands_5x15_concentric,
          nzn_winding_woodlands_center_triple_pond,
          nzn_winding_woodlands_5x15_pockets,
          nzn_winding_woodlands_5x5_closed_star,
          nzn_winding_woodlands_5x5_perimeter,
          nzn_winding_woodlands_5x15_sidewinder,
          nzn_winding_woodlands_center_garden,
          nzn_winding_woodlands_5x15_parted], layout_gridville,
          grunt_ministairs_11
D:8:      minmay_spotlight, layout_loops_ring, minmay_lair_entry_grove,
          serial_shops, shop, minmay_misc_feat_encased
D:9:      layout_stronghold, minmay_variable_closet
D:10:     layout_long_grid, minmay_orc_entry_guard_dogs, st_stairs_4, uniq_erica
Temple:   grunt_temple_mini_profane
Lair:1:   beast_lair_carwin_large_2, layout_regular_city,
          ebering_ghost_inner_flame
Lair:2:   layout_loops_ring, skrybe_swamp_entry_bodies, grunt_megastairs_5
Lair:3:   layout_chaotic_city, guppyfry_snake_entry_island, lemuel_fruit_tree
Lair:4:   layout_roguey, pf_torpor_hydra, infiniplex_staircase_pool_2,
          grunt_megastairs_1
Lair:5:   layout_cave_pods, nicolae_slime_entry_slimehenge, serial_bayou_ford_a,
          dreamdust_mushroom_princess, minmay_lair_oklob_items
Slime:1:  layout_caves

Skill      XL: |  1  2  3  4  5  6  7  8  9 10 11 12 13 |
---------------+----------------------------------------+-----
Ice Magic      | 4 5 |  5.0
Spellcasting   | 3 4 6 7 10 | 10.0
Fighting       | 4 8 10 | 10.0
Evocations     | 1 6 9 10 | 10.0
Conjurations   | 5 |  5.0
Dodging        | 6 10 | 10.0
Armour         | 5 8 |  8.3
Stealth        | |  1.7
Air Magic      | |  0.1

Action                   |  1- 3 |  4- 6 |  7- 9 | 10-12 | 13-15 || total
-------------------------+-------+-------+-------+-------+-------++-------
Melee: Short sword       |    12 |       |       |       |       ||    12
       Unarmed           |     1 |       |       |       |       ||     1
       Mace              |    11 |    17 |       |       |       ||    28
       Quarterstaff      |       |    23 |    86 |   245 |    49 ||   403
 Cast: Freeze            |    22 |    55 |    86 |   293 |    52 ||   508
       Ozocubu's Armour  |       |     4 |    14 |    42 |     6 ||    66
       Frozen Ramparts   |       |     3 |    24 |    48 |     9 ||    84
       Hailstorm         |       |       |       |    18 |     1 ||    19
Evoke: Wand              |       |       |       |    11 |       ||    11
  Use: Scroll            |       |       |    11 |     8 |     1 ||    20
       Potion            |       |       |     7 |     7 |       ||    14
 Stab: Sleeping          |     6 |       |       |       |       ||     6
       Paralysed         |       |       |     2 |    45 |     9 ||    56
Armor: Robe              |     7 |    17 |    42 |    51 |    11 ||   128
       Skin              |       |       |     2 |       |       ||     2
       Ring mail         |       |       |       |    48 |     6 ||    54
Dodge: Dodged            |    22 |    43 |   114 |   312 |    73 ||   564

Table legend: (Time is in decaauts)
 A = Elapsed time spent in this place.
 B = Non-inter-level travel time spent in this place.
 C = Inter-level travel time spent in this place.
 D = Time resting spent in this place.
 E = Time spent auto-exploring this place.
 F = Levels seen in this place.
 G = Mean time per level.
                   A        B        C        D        E       F      G
               +--------+--------+--------+--------+--------+-----+--------+
         Total |  23456 |  22140 |   1316 |   3307 |  15538 |  17 | 1379.8 |
       Dungeon |  15596 |  14904 |    692 |   1863 |  10985 |  10 | 1559.6 |
        Temple |    212 |    183 |     29 |      0 |    169 |   1 |  212.0 |
          Lair |   7644 |   7050 |    594 |   1444 |   4384 |   5 | 1528.8 |
    Slime Pits |      2 |      2 |      0 |      0 |      0 |   1 |    2.0 |
               +--------+--------+--------+--------+--------+-----+--------+

Top non-repeatable levels by time:
     D:8: 2934 daAuts
  Lair:1: 2267 daAuts
     D:6: 2190 daAuts
     D:4: 2153 daAuts
     D:7: 2042 daAuts
  Lair:4: 1818 daAuts
  Lair:3: 1746 daAuts
     D:2: 1733 daAuts
     D:5: 1519 daAuts
     D:9: 1049 daAuts
     D:1: 993 daAuts
  Lair:2: 925 daAuts
     D:3: 924 daAuts
  Lair:5: 886 daAuts
  Temple: 212 daAuts
